 Dungeon Crawl Stone Soup version 0.29-a0-338-g1ff7896281 (webtiles) character file.

Game seed: 1879883628538633677

47478 HendSelp the Imperceptible (level 14, -4/61 HPs)
             Began as a Spriggan Brigand on Apr 14, 2022.
             Was the Champion of Dithmenos.
             Slain by a death yak (14 damage)
             ... while paralysed by a hornet
             ... on level 5 of the Lair of Beasts on Apr 18, 2022.
             The game lasted 00:43:41 (23080 turns).

HendSelp the Imperceptible (Spriggan Brigand)      Turns: 23080, Time: 00:43:42

Health: -4/61      AC: 11    Str:  7    XL:     14   Next: 8%
Magic:  15/15      EV:  4    Int: 14    God:    Dithmenos [******]
Gold:   1009       SH:  0    Dex: 20    Spells: 13/13 levels left

rFire   + . .      SeeInvis +   a - +5 dagger (freeze)
rCold   + . .      Faith    .   (no shield)
rNeg    . . .      Spirit   .   i - +2 robe {rC+ rF+}
rPois   .          Reflect  .   (helmet restricted)
rElec   .          Harm     .   A - +2 cloak {Stlth+}
rCorr   .          Rampage  .   (gloves unavailable)
Will    ++...                   (boots unavailable) Stlth ********++
                                v - amulet of the acrobat
HPRegen 0.20/turn               B - +4 ring of evasion
MPRegen 0.14/turn               m - +4 ring of protection

@: paralysed, slowed, wreathed by umbra, very quick
A: very small, no large weapons, unfitting armour, see invisible, speed 3
a: Renounce Religion, Shadow Step, Shadow Form


You were on level 5 of the Lair of Beasts.
You worshipped Dithmenos.
Dithmenos was exalted by your worship.
You visited 3 branches of the dungeon, and saw 18 of its levels.
You also visited: Bailey.

You collected 1202 gold pieces.
You spent 193 gold pieces at shops.

Inventory:

Hand Weapons
 a - a +5 dagger of freezing (weapon)
 y - a +2 dagger of draining
Missiles
 b - 2 curare-tipped darts
 d - 22 poisoned darts
 j - 2 atropa-tipped darts (quivered)
 L - 2 datura-tipped darts
Armour
 i - a +2 robe of resistance (worn)
 u - the +2 robe "Iqigruschorgh" {Will+ Dex+2}
   (You bought it in a shop on level 9 of the Dungeon)

   Dex:       It affects your dexterity (+2).
   Will:      It increases your willpower.
 A - a +2 cloak of stealth (worn)
Jewellery
 g - a ring of magical power
 m - a +4 ring of protection (right hand)
 v - an amulet of the acrobat (around neck)
 w - the ring of Upleubb {rF+ Will+ MP+9}
   (You found it on level 1 of the Lair of Beasts)

   [ring of magical power]

   rF:        It protects you from fire.
   MP:        It affects your magic capacity (+9).
   Will:      It increases your willpower.
 z - a ring of flight
 B - a +4 ring of evasion (left hand)
 E - a +6 ring of strength
Wands
 e - a wand of flame (16)
 l - a wand of charming (7)
 r - a wand of mindburst (10)
 I - a wand of paralysis (5)
 J - a wand of digging (7)
Scrolls
 c - 4 scrolls of identify
 n - 2 scrolls of fear
 o - a scroll of vulnerability
 q - 4 scrolls of enchant armour
 t - a scroll of enchant weapon
 C - 2 scrolls of magic mapping
 D - 2 scrolls of blinking
 F - 5 scrolls of amnesia
 G - a scroll of brand weapon
 K - a scroll of holy word
Potions
 f - 6 potions of flight
 k - 3 potions of curing
 p - 3 potions of mutation
 s - 2 potions of magic
 x - 2 potions of attraction
 H - a potion of lignification


   Skills:
 - Level 1.5 Fighting
 + Level 12.6 Short Blades
 - Level 2.0 Throwing
 + Level 21.9 Dodging
 + Level 24.3 Stealth


You had 13 spell levels left.
You didn't know any spells.
Your spell library contained the following spells:

 Spells                   Type           Power      Damage    Failure   Level
 Summon Small Mammal      Summ           0%         N/A       28%         1
 Blink                    Tloc           0%         N/A       41%         2
 Sublimation of Blood     Necr           0%         N/A       41%         2
 Wereblood                Tmut           0%         N/A       41%         2
 Call Canine Familiar     Summ           0%         N/A       65%         3
 Frozen Ramparts          Ice            0%         1d2       65%         3
 Gell's Gravitas          Tloc           0%         N/A       65%         3
 Lesser Beckoning         Tloc           0%         N/A       65%         3
 Portal Projectile        Hex/Tloc       0%         N/A       65%         3
 Summon Guardian Golem    Hex/Summ       0%         N/A       65%         3
 Teleport Other           Tloc           0%         N/A       65%         3
 Tukima's Dance           Hex            0%         N/A       65%         3
 Ice Form                 Ice/Tmut       0%         N/A       96%         4
 Passage of Golubria      Tloc           0%         N/A       96%         4
 Summon Ice Beast         Ice/Summ       0%         N/A       96%         4
 Blade Hands              Tmut           0%         N/A       100%        5
 Excruciating Wounds      Necr           0%         N/A       100%        5
 Manifold Assault         Tloc           0%         N/A       100%        5
 Yara's Violent Unravell  Hex/Tmut       0%         3d3       100%        5
 Summon Hydra             Summ           0%         N/A       100%        7


Dungeon Overview and Level Annotations

Branches:
Dungeon (11/15)            Temple (1/1) D:6            Lair (6/6) D:9
  Swamp (0/4) Lair:4        Snake (0/4) Lair:3        Slime (0/5) Lair:5
    Orc (0/2) D:11         Bailey (visited)

Altars:
Ashenzari
Cheibriados
Dithmenos
Elyvilon
Fedhas
Gozag
Hepliaklqana
Kikubaaqudgha
Makhleb
Nemelex Xobeh
Okawaru
Qazlal
Ru
Sif Muna
Trog
Uskayaw
Vehumet
Wu Jian
Xom
Yredelemnul
Zin
The Shining One
Jiyva

Shops:
D:4 *   D:9 [   D:10 *


Innate Abilities, Weirdness & Mutations

You are very small and have problems with some larger weapons.
You are too small for most types of armour.
You have supernaturally acute eyesight. (SInv)
You cover ground extremely quickly. (Speed+++)


Message History

You are too injured to fight recklessly!
You are too injured to fight recklessly!
You are too injured to fight recklessly!
You are too injured to fight recklessly!
The hornet stings the fungus!
The fungus begins to die.
Throw: 6 darts (atropa)
Press: ? - help, Q - select action, (/) - cycle Shift-Dir - straight line, f - death yak
Aim: a death yak (black smoke, umbra, 80% to hit, chance to blind on hit: 44%)
You throw an atropa-tipped dart.
The atropa-tipped dart barely misses the death yak.
The death yak completely misses you.
Throw: 5 darts (atropa)
Press: ? - help, Q - select action, (/) - cycle Shift-Dir - straight line, f/p - death yak
Aim: a death yak (black smoke, umbra, 80% to hit, chance to blind on hit: 44%)
You throw an atropa-tipped dart.
The atropa-tipped dart barely misses the death yak.
The hornet completely misses you.
Unknown command.
Unknown command.
Throw: 4 darts (atropa)
Press: ? - help, Q - select action, (/) - cycle Shift-Dir - straight line, f/p - death yak
Aim: a death yak (umbra, 80% to hit, chance to blind on hit: 47%)
You throw an atropa-tipped dart.
The atropa-tipped dart hits the death yak.
The death yak resists.
The hornet completely misses you. The death yak completely misses you.
Throw: 3 darts (atropa)
Press: ? - help, Q - select action, (/) - cycle Shift-Dir - straight line, f/p - death yak
Aim: a death yak (black smoke, umbra, 80% to hit, chance to blind on hit: 44%)
You throw an atropa-tipped dart.
The atropa-tipped dart hits the death yak.
The death yak resists.
A nearby fungus withers and dies.
The hornet stings you.
You suddenly lose the ability to move!
The death yak gores you but does no damage.
The hornet stings you but does no damage.
The hornet stings you!
* * * LOW HITPOINT WARNING * * *
You feel yourself slow down. The death yak gores you!
You die...

#....####.#P.###.##
##..###.......#....
##.###.######.#....
#§§##.########.....
#P§§#.# #...##....P
##§§#§§# #.>.##.#..P
#§§§.#.# #_..##..#.P
#.Yy#..###.####.#.##
##.@...[##'###.#.##
#.#PP...........##
#######.....##..#
##....##.###
#...###### #####


You could see a death yak and a hornet.

Vanquished Creatures
  Fannar (Lair:3)
  2 boulder beetles (D:11)
  2 hydras
  A catoblepas (Lair:2)
  A two-headed ogre (D:9)
  A centaur warrior (D:10)
  8 death yaks
  Sonja (Lair:2)
  Nergalle (Lair:2)
  2 bog bodies (Lair:4)
  A harpy (Lair:6)
  An orc knight (Bailey)
  4 oklob plants (Lair:1)
  A cyclops (D:11)
  An ugly thing (D:7)
  9 elephants
  7 black mambas
  10 cane toads
  A gargoyle (D:10)
  2 kobold demonologists (D:11)
  6 komodo dragons
  4 trolls
  13 blink frogs
  A hornet (Lair:5)
  4 dream sheep (Lair:3)
  A vampire (D:11)
  A shadow (D:11)
  A wraith (D:11)
  2 wyverns
  36 yaks
  4 basilisks
  A steam dragon (D:9)
  A warg (D:11)
  An acid dragon (D:9)
  17 water moccasins
  12 orc warriors
  3 sky beasts
  4 black bears
  3 ice beasts
  2 ogres
  5 centaurs
  18 wolves
  3 phantoms
  2 kobold brigands
  15 bullfrogs
  A necrophage (D:8)
  2 gnoll sergeants
  3 scorpions
  7 wights
  28 killer bees
  6 howler monkeys
  5 electric eels (D:8)
  A hound (D:4)
  6 orc priests
  3 jellies
  Terence (D:3)
  7 iguanas
  4 orc wizards
  16 gnolls
  4 adders
  2 shadow imps
  2 white imps
  An ufetubus (D:5)
  4 worms
  3 dart slugs
  48 orcs
  4 bats
  7 endoplasms
  3 giant cockroaches (D:1)
  6 goblins
  6 hobgoblins
  6 jackals
  11 kobolds
  4 quokkas
  5 ball pythons
  3 frilled lizards
  7 rats
433 creatures vanquished.

Vanquished Creatures (collateral kills)
  2 death yaks (Lair:5)
  A cane toad (Lair:5)
3 creatures vanquished.

Vanquished Creatures (others)
  A death yak (Lair:5)
  14 fungi
  57 plants
72 creatures vanquished.

Grand Total: 508 creatures vanquished

Notes
Turn   | Place    | Note
-------+----------+-------------------------------------------
     0 | D:1      | HendSelp the Spriggan Brigand began the quest for the Orb.
     0 | D:1      | Reached XP level 1. HP: 10/10 MP: 2/2
    77 | D:1      | Reached skill level 6 in Stealth
   337 | D:1      | Reached XP level 2. HP: 13/14 MP: 3/3
  1130 | D:1      | Reached skill level 7 in Stealth
  1711 | D:2      | Reached XP level 3. HP: 18/18 MP: 4/4
  3168 | D:3      | Reached XP level 4. HP: 22/22 MP: 5/5
  3202 | D:3      | Reached skill level 8 in Stealth
  3509 | D:3      | Found a sacrificial altar of Ru.
  3510 | D:3      | Identified the +2 pair of gloves "Xataux" {rC+}
  3599 | D:3      | Noticed Terence
  3940 | D:3      | Reached XP level 5. HP: 23/25 MP: 6/6
  4063 | D:3      | Killed Terence
  4898 | D:4      | Reached skill level 9 in Stealth
  4898 | D:4      | Reached XP level 6. HP: 30/30 MP: 7/7
  5410 | D:4      | Found Fitelat's Assorted Antiques.
  5571 | D:4      | Reached skill level 5 in Short Blades
  5793 | D:5      | Entered Level 5 of the Dungeon
  5888 | D:5      | Reached XP level 7. HP: 33/33 MP: 8/8
  5925 | D:5      | Reached skill level 10 in Stealth
  6044 | D:5      | Reached skill level 5 in Dodging
  6044 | D:5      | Reached skill level 11 in Stealth
  6292 | D:5      | Reached XP level 8. HP: 24/37 MP: 9/9
  7036 | D:6      | Reached skill level 12 in Stealth
  7337 | D:6      | Found a staircase to the Ecumenical Temple.
  7379 | Temple   | Entered the Ecumenical Temple
  7513 | Temple   | Became a worshipper of Dithmenos the Shadowed
  7743 | D:6      | Found a broken altar of Ashenzari.
  8044 | D:7      | Found a shimmering altar of Xom.
  8059 | D:7      | Noticed a white ugly thing
  8153 | D:7      | Killed a white ugly thing
  8173 | D:7      | Reached XP level 9. HP: 41/41 MP: 10/10
  8480 | D:7      | Found the +3 salamander hide armour {Flames rF++ rC--}
  8482 | D:7      | Reached skill level 13 in Stealth
  8494 | D:7      | Reached * piety under Dithmenos
  9157 | D:7      | Found a hazy altar of Hepliaklqana.
  9892 | D:8      | Identified a scroll of acquirement
  9893 | D:8      | Acquired a manual of Dodging
  9985 | D:8      | Reached skill level 14 in Stealth
  9986 | D:8      | Reached ** piety under Dithmenos
 10643 | D:8      | Reached skill level 10 in Dodging
 10702 | D:8      | Reached XP level 10. HP: 21/46 MP: 11/11
 10952 | D:8      | Identified the +1 short sword of the Shrieking God {freeze,
                  | rPois rC- Str+2 SInv}
 11304 | D:8      | Reached skill level 15 in Stealth
 11505 | D:9      | Found a large runed translucent door.
 11506 | D:9      | Found a large runed translucent door.
 11827 | D:9      | Reached skill level 10 in Short Blades
 12175 | D:9      | Found Bihaj's Antique Armour Shop.
 12194 | D:9      | Bought a thick robe for 193 gold pieces
 12194 | D:9      | Identified the +2 robe "Iqigruschorgh" {Will+ Dex+2} (You
                  | bought it in a shop on level 9 of the Dungeon)
 12222 | D:9      | Found a staircase to the Lair.
 12228 | D:9      | Upgraded the game from 0.29-a0-334-gb41bcbb86e to
                  | 0.29-a0-338-g1ff7896281
 12510 | D:9      | Found a radiant altar of Vehumet.
 12544 | D:9      | Reached *** piety under Dithmenos
 12906 | D:9      | Reached skill level 15 in Dodging
 13213 | D:9      | Found a shimmering blue altar of Sif Muna.
 13224 | D:9      | Noticed a two-headed ogre
 13225 | D:9      | Found a white marble altar of Elyvilon.
 13231 | D:9      | Killed a two-headed ogre
 13232 | D:9      | Reached XP level 11. HP: 49/49 MP: 12/12
 13299 | D:10     | Entered Level 10 of the Dungeon
 13307 | D:10     | Reached skill level 16 in Stealth
 13360 | D:10     | Noticed a centaur warrior
 13384 | D:10     | Killed a centaur warrior
 13410 | D:10     | Found a flagged portal.
 13420 | Bailey   | Entered a bailey
 13842 | Bailey   | Noticed an orc knight
 13850 | Bailey   | Killed an orc knight
 13850 | Bailey   | Reached **** piety under Dithmenos
 13851 | Bailey   | Reached skill level 17 in Stealth
 14585 | D:10     | Found Afeps's Fire Supplies.
 14818 | D:11     | Reached skill level 18 in Stealth
 15326 | D:11     | Found a staircase to the Orcish Mines.
 15586 | D:11     | Noticed a boulder beetle
 15625 | D:11     | Killed a boulder beetle
 15852 | D:11     | Noticed a boulder beetle
 15875 | D:11     | Killed a boulder beetle
 15876 | D:11     | Reached skill level 19 in Stealth
 15938 | D:11     | Reached XP level 12. HP: 53/53 MP: 13/13
 16178 | Lair:1   | Entered Level 1 of the Lair of Beasts
 17140 | Lair:1   | Reached skill level 20 in Stealth
 17164 | Lair:1   | Identified the ring of Upleubb {rF+ Will+ MP+9}
 17460 | Lair:2   | Reached ***** piety under Dithmenos
 17547 | Lair:2   | Noticed a catoblepas
 17613 | Lair:2   | Killed a catoblepas
 17840 | Lair:2   | Reached skill level 21 in Stealth
 17917 | Lair:2   | Noticed Nergalle
 17954 | Lair:2   | Killed Nergalle
 18050 | Lair:2   | Noticed Sonja
 18090 | Lair:2   | Killed Sonja
 18767 | Lair:3   | Found a staircase to the Snake Pit.
 18770 | Lair:3   | Reached XP level 13. HP: 57/57 MP: 14/14
 18777 | Lair:3   | Reached skill level 22 in Stealth
 18807 | Lair:3   | Identified the +4 lajatang of Circular Logic {vorpal, *Slow
                  | rN+++ Int+4 Stlth-}
 18959 | Lair:3   | Reached skill level 23 in Stealth
 19298 | Lair:3   | Noticed Fannar
 19305 | Lair:3   | Killed Fannar
 20335 | Lair:4   | Found a staircase to the Swamp.
 21235 | Lair:5   | Reached ****** piety under Dithmenos
 21460 | Lair:5   | Found a viscous altar of Jiyva.
 21460 | Lair:5   | Found a staircase to the Slime Pits.
 21563 | Lair:5   | Reached skill level 24 in Stealth
 22179 | Lair:5   | Reached XP level 14. HP: 24/61 MP: 15/15
 22650 | Lair:6   | Entered Level 6 of the Lair of Beasts
 23079 | Lair:5   | Paralysed by a hornet for 3 turns
 23080 | Lair:5   | Slain by a death yak

Illustrated notes

Levels and vault maps discovered:
D:1:      wander_arrival_chamber, layout_basic
D:2:      layout_loops_corners, serial_aquarium, aquarium_bridge_square
          [aquarium_subvault_bridge, aquarium_subvault_bridge,
          aquarium_subvault_wall, aquarium_subvault_window],
          aquarium_bridge_straight [aquarium_subvault_bridge,
          aquarium_subvault_wall, aquarium_subvault_bridge,
          aquarium_subvault_window], aquarium_window_corner, aquarium_window_3,
          aquarium_view_2c, aquarium_balcony_3a
D:3:      layout_basic, old_standard_altar, uniq_terence
D:4:      layout_loops_corners, serial_shops,
          nicolae_shop_temple_entry_statues_fountains
D:5:      layout_gridville, minmay_quadrilaterals
D:6:      layout_loops_ring, nicolae_ashenzari_panopticon,
          minmay_temple_entry_wispy
D:7:      layout_basic, worldfamousw_hep_ancestral_shrine,
          mainiacjoe_overflow_24_doors, amcnicky_mini_corridor_feature,
          minmay_fractal_squares_gapless_5
D:8:      layout_gridville, serial_bayou, serial_bayou_pond_c,
          serial_bayou_shore_a, serial_bayou_crossing, serial_bayou_ford_a,
          hangedman_decor_push, st_stairs_4
D:9:      layout_gridville, vehumet_crystals, jmf_multi_god_temple2,
          serial_shops, nicolae_shop_crystal, kennysheep_another_room
D:10:     layout_roguey, enter_bailey_8, hangedman_abyss_or_decor_stabs,
          nicolae_shop_fire_sale [nicolae_sub_dead_trees]
D:11:     layout_long_grid, erik_orc_3
Temple:   nicolae_temple_no_exploring_needed
Lair:1:   minmay_lair_oklob_tunnel, layout_gridlike
Lair:2:   layout_hall_layers, uniq_nergalle, uniq_sonja
Lair:3:   layout_layer_cave, minmay_snake_entry_six_corridors, uniq_fannar
Lair:4:   layout_cave_pods, skrybe_swamp_entry_bodies, lemuel_fruit_fields
Lair:5:   layout_loops_ring, dpeg_slime_entry_enclosed_altar, grunt_megastairs_4
Lair:6:   gammafunk_lair_ancient_temple, layout_hall_layers, basic_altar, pond

Skill      XL: |  1  2  3  4  5  6  7  8  9 10 11 12 13 |
---------------+----------------------------------------+-----
Stealth        | 6 7 8 9 11 12 14 15 19 21 24 | 24.3
Short Blades   | 3 4 5 6 7 9 10 11 12 | 12.6
Dodging        | 2 3 4 5 8 10 15 18 19 21 | 21.9
Fighting       | |  1.5
Throwing       | |  2.0

Action                   |  1- 3 |  4- 6 |  7- 9 | 10-12 | 13-15 || total
-------------------------+-------+-------+-------+-------+-------++-------
Melee: Dagger            |   130 |   180 |   513 |  1040 |   633 ||  2496
       Punch             |     1 |     2 |    10 |    21 |    16 ||    50
Throw: Dart              |     6 |    15 |    24 |    35 |    10 ||    90
       Throwing net      |       |       |       |     4 |       ||     4
Evoke: Wand              |       |       |    24 |     1 |       ||    25
  Use: Scroll            |     5 |     7 |    12 |    14 |     6 ||    44
       Potion            |       |     1 |     5 |     7 |       ||    13
 Stab: Sleeping          |    20 |     9 |    19 |    70 |    32 ||   150
       Paralysed         |       |       |     3 |       |       ||     3
       Distracted        |       |       |     3 |     2 |     3 ||     8
       Held in net/web   |       |       |       |     2 |       ||     2
       Invisible         |       |       |       |     1 |       ||     1
       Petrified         |       |       |       |     1 |       ||     1
Armor: Robe              |    22 |    30 |    60 |    68 |    40 ||   220
Dodge: Dodged            |    68 |   130 |   480 |   982 |   931 ||  2591

Table legend: (Time is in decaauts)
 A = Elapsed time spent in this place.
 B = Non-inter-level travel time spent in this place.
 C = Inter-level travel time spent in this place.
 D = Time resting spent in this place.
 E = Time spent auto-exploring this place.
 F = Levels seen in this place.
 G = Mean time per level.
                   A        B        C        D        E       F      G
               +--------+--------+--------+--------+--------+-----+--------+
         Total |  17037 |  16510 |    527 |   2594 |  10625 |  19 |  896.7 |
       Dungeon |  11474 |  11111 |    363 |   1550 |   7426 |  11 | 1043.1 |
        Temple |    131 |    119 |     12 |      0 |    114 |   1 |  131.0 |
          Lair |   4895 |   4744 |    151 |    818 |   2912 |   6 |  815.8 |
        Bailey |    536 |    536 |      0 |    226 |    172 |   1 |  536.0 |
               +--------+--------+--------+--------+--------+-----+--------+

Top non-repeatable levels by time:
     D:8: 1714 daAuts
     D:1: 1549 daAuts
     D:3: 1254 daAuts
  Lair:5: 1227 daAuts
     D:9: 1183 daAuts
  Lair:4: 1175 daAuts
     D:2: 1094 daAuts
     D:7: 1037 daAuts
    D:11: 995 daAuts
  Lair:2: 978 daAuts
     D:5: 946 daAuts
  Lair:1: 752 daAuts
  Lair:3: 695 daAuts
     D:4: 670 daAuts
     D:6: 593 daAuts
